 Dungeon Crawl Stone Soup version 0.28-a0-537-g3bccd9ccbf (webtiles) character file.

Game seed: 13854521969112726876

51 Tocho the Cutter (level 3, 0/40 HPs)
             Began as a Vampire Gladiator on Sept 27, 2021.
             Slain by a hobgoblin (3 damage)
             ... led by Robin
             ... on level 3 of the Dungeon.
             The game lasted 00:02:27 (1527 turns).

Tocho the Cutter (Vampire Gladiator)                Turns: 1527, Time: 00:02:28

Health: 0/40       AC: 21    Str: 13    XL:     3   Next: 57%
Magic:  3/3        EV:  2    Int: 11    God:
Gold:   15         SH:  0    Dex: 15    Spells: 2/2 levels left

rFire   + . .      SeeInvis +   a - +0 rapier
rCold   + . .      Faith    .   (no shield)
rNeg    + + +      Spirit   .   (armour currently unavailable)
rPois   +          Reflect  .   (helmet currently unavailable)
rElec   +          Harm     .   (cloak currently unavailable)
rCorr   +          Rampage  .   (gloves currently unavailable)
Will    .....      NoTele   +   (boots currently unavailable)
Stlth   +.........              (no amulet)
HPRegen 0.33/turn               (no ring)
MPRegen 0.08/turn               (no ring)

@: tree-form, resistant, attractive, healing quickly, hasted, very quick
A: stationary, stasis, torment immunity, boosted hp, alive, (fangs 3), see
invisible, vampiric 2
a: Exsanguinate


You were on level 3 of the Dungeon.
You were a tree.
You visited 1 branch of the dungeon, and saw 3 of its levels.

You collected 58 gold pieces.
You spent 43 gold pieces at shops.

Inventory:

Hand Weapons
 a - a +0 rapier (weapon)
Missiles
 d - 3 throwing nets (quivered)
 k - 17 poisoned darts
Armour
 b - a +0 leather armour (melded)
 c - a +0 helmet (melded)
Jewellery
 q - an amulet of magic regeneration
Scrolls
 g - a scroll of teleportation {unknown}
 h - 2 scrolls of magic mapping {unknown}
 i - 3 scrolls of fear {unknown}
 j - 2 scrolls of identify
 o - a scroll of vulnerability {unknown}
 p - a scroll of immolation {unknown}
Potions
 e - a potion of flight {unknown}
 n - a potion of resistance


   Skills:
 - Level 1.7 Fighting
 + Level 5.1 Short Blades
 - Level 1.5 Throwing
 - Level 3.2 Dodging


You had 2 spell levels left.
You didn't know any spells.
Your spell library contained the following spells:

 Spells                   Type           Power      Damage    Failure   Level
 Ozocubu's Armour         Ice            0%         N/A       71%         3
 Metabolic Englaciation   Hex/Ice        0%         N/A       100%        5
 Simulacrum               Ice/Necr       0%         N/A       100%        6


Dungeon Overview and Level Annotations

Branches:
Dungeon (3/15)

Altars:

Shops:
D:3 (?**(

Annotations:
D:2 Robin


Innate Abilities, Weirdness & Mutations

You are a tree.
Your roots penetrate the ground, keeping you stationary.
You cannot be teleported.
You are immune to unholy pain and torment.
Your maximum health is greatly increased.
Your equipment is partially melded.
Your natural rate of healing is accelerated.
((You have razor-sharp teeth.))
You have supernaturally acute eyesight. (SInv)
You are afflicted with vampirism and can become a bat while bloodless.


Message History

The goblin shouts! x3; The hobgoblin shouts! x2; The goblin shouts! x2
You hear a shout!
The ball python bites you but does no damage.
The ball python grabs you. The ball python constricts you.
The hobgoblin barely misses you.
A goblin comes into view. It is wielding a +0 dagger.
Robin roars a battlecry!
The goblins go into a battle-frenzy!
The ball python bites you but does no damage.
The ball python constricts you.
Found a chain mail, a book of Changes and 7 gold pieces.
Found a stone staircase leading up.
There is a stone staircase leading down here.
You escape the ball python's grasp.
The goblin shouts!
The goblin barely misses you. The hobgoblin closely misses you.
Robin throws the goblin at you! The goblin hits you with a +0 club.
The goblin hits you with a +0 dagger. The ball python misses you.
The ball python grabs you.
You stop descending the stairs.
The ball python constricts you.
Unknown command.
You escape the ball python's grasp.
The goblin barely misses you. The hobgoblin hits you.
The goblin barely misses you. The rat bites you. The goblin barely misses you.
You climb downwards.
There is a stone staircase leading up here.
It was a potion of haste.
You feel yourself speed up. The hobgoblin hits you.
The goblin hits you with a +0 club.
* * * LOW HITPOINT WARNING * * *
It was a potion of resistance.
You feel protected. The hobgoblin barely misses you.
The goblin hits you with a +0 club.
* * * LOW HITPOINT WARNING * * *
It was a potion of attraction.
You feel attractive to monsters.
It was a potion of lignification.
You turn into a tree.
Your +0 helmet melds into your body.
Your +0 leather armour melds into your body.
Your roots penetrate the ground.
The hobgoblin hits you.
You die...

############# #...........#
######### ####...........#
#.......#
...............#######.......#
.).............'.............#
..............S#####.........#
..............rg♣gg#.#.......#
.......#############.#.......####
.....................#.......##..
........#####>.......#.......##..
#.......#####.####...#......###..
#.##.#....†......'......∩...'....
#.####......######..........##.##
#....#.###..# #....########'##
###.####∩#..# #.....# #....


You could see a hobgoblin (strong), 2 goblins, a ball python and a rat.

Vanquished Creatures
  An adder (D:3)
  A worm (D:3)
  2 dart slugs (D:3)
  2 endoplasms
  5 hobgoblins
  5 jackals (D:3)
  2 quokkas (D:1)
  4 ball pythons (D:1)
  4 bats
  A frilled lizard (D:1)
  2 kobolds (D:1)
  3 rats
32 creatures vanquished.

Notes
Turn   | Place    | Note
-------+----------+-------------------------------------------
     0 | D:1      | Tocho the Vampire Gladiator began the quest for the Orb.
     0 | D:1      | Reached XP level 1. HP: 16/16 MP: 1/1
    55 | D:1      | Found a faded altar of an unknown god.
   151 | D:1      | Reached XP level 2. HP: 22/22 MP: 2/2
   154 | D:1      | Reached skill level 4 in Short Blades
   653 | D:2      | You fall into a shaft and drop 1 floor!
   727 | D:3      | Found Hawil's Assorted Antiques.
   741 | D:3      | Bought a metallic coppery potion for 19 gold pieces
   754 | D:3      | Gained mutation: You are afflicted with vampirism and can
                  | become a bat while bloodless. [Vampire growth]
   754 | D:3      | Reached XP level 3. HP: 18/27 MP: 3/3
   865 | D:3      | Found Hairupha's Weapon Shoppe.
   911 | D:3      | Found Xiepinke's Magic Scroll Shop.
   933 | D:3      | Bought a scroll of identify for 24 gold pieces
   992 | D:3      | Reached skill level 5 in Short Blades
  1017 | D:3      | Found Jybbayco's General Store.
  1449 | D:3      | Found Hinudecs's Antique Weapon Emporium.
  1520 | D:2      | Noticed Robin
  1525 | D:3      | HP: 1/27 [goblin[Robin] (5)]
  1527 | D:3      | Slain by a hobgoblin

Illustrated notes

Levels and vault maps discovered:
D:1:      scummos_arrival_forest, layout_basic,
          dreamdust_ecumenical_altar_angels_and_demons, amcnicky_mini_pool_small
D:2:      layout_basic, uniq_terence, uniq_robin, uniq_natasha
D:3:      layout_basic, serial_shops, nicolae_lakefront_shop, shop,
          nicolae_shop_window_shopping, nicolae_diamond_shop,
          nicolae_lakefront_shop

Skill      XL: |  1  2  3 |
---------------+----------+-----
Short Blades   | 4 5 |  5.1
Fighting       | |  1.7
Throwing       | |  1.5
Dodging        | |  3.2

Action                   || total
-------------------------++-------
Melee: Rapier            ||    92
       Bite              ||     8
  Use: Potion            ||     4
 Stab: Sleeping          ||     1
Armor: Leather armour    ||    32
Dodge: Dodged            ||    77

Table legend: (Time is in decaauts)
 A = Elapsed time spent in this place.
 B = Non-inter-level travel time spent in this place.
 C = Inter-level travel time spent in this place.
 D = Time resting spent in this place.
 E = Time spent auto-exploring this place.
 F = Levels seen in this place.
 G = Mean time per level.
                   A        B        C        D        E       F      G
               +--------+--------+--------+--------+--------+-----+--------+
         Total |   1525 |   1518 |      7 |      0 |   1256 |   3 |  508.3 |
       Dungeon |   1525 |   1518 |      7 |      0 |   1256 |   3 |  508.3 |
               +--------+--------+--------+--------+--------+-----+--------+

Top non-repeatable levels by time:
     D:3: 868 daAuts
     D:1: 623 daAuts
     D:2: 33 daAuts
